 Dungeon Crawl Stone Soup version 0.21.0 (webtiles) character file.

197 Jynx the Changer (level 5, -4/37 HPs)
             Began as a Merfolk Transmuter on Jan 7, 2018.
             Slain by a gnoll
             ... wielding a +0 halberd
              (6 damage)
             ... on level 4 of the Dungeon.
             The game lasted 00:07:37 (3644 turns).

Jynx the Changer (Merfolk Transmuter)               Turns: 3644, Time: 00:07:38

Health: -4/37      AC:  6    Str: 11    XL:     5   Next: 75%
Magic:  3/10       EV: 13    Int: 12    God:
Gold:   203        SH:  0    Dex: 15    Spells: 4/10 levels left

rFire    . . .     SeeInvis .     - Unarmed
rCold    . . .     Gourm    .   (no shield)
rNeg     + . .     Faith    .   n - +0 steam dragon scales
rPois    .         Spirit   .   (no helmet)
rElec    .         Reflect  .   p - +0 cloak
rCorr    .         Harm     .   (no gloves)
MR       +....                  (no boots)
Stlth    +.........             (no amulet)
HPRegen  0.12/turn              e - ring of positive energy
MPRegen  0.12/turn              u - ring of protection from magic

@: appendage (expiring)
A: change form in water, swift swim, stealthy swim, horns 2
a: End Transformation


You were on level 4 of the Dungeon.
You were not hungry.
You had grown temporary horns.
You visited 1 branch of the dungeon, and saw 4 of its levels.

You collected 203 gold pieces.

Inventory:

Missiles
 a - 50 arrows
Armour
 n - +0 steam dragon scales (worn)
 p - a +0 cloak (worn)
Jewellery
 e - a ring of positive energy (left hand)
 r - a +2 ring of intelligence
 t - an uncursed ring of fire
 u - a ring of protection from magic (right hand)
 w - a +3 ring of dexterity {unknown}
Wands
 k - a wand of acid (7)
 o - a wand of random effects (24)
 q - a wand of disintegration (2)
 s - a wand of paralysis (12)
Scrolls
 b - a scroll of enchant weapon
 f - 3 scrolls of magic mapping
 i - 2 scrolls of remove curse
 j - 2 scrolls of identify
Potions
 g - 2 potions of flight
 h - 2 potions of magic
 l - a potion of haste
 m - a potion of mutation {unknown}
Books
 c - a book of Changes

   Spells                             Type                      Level
   a - Beastly Appendage              Transmutation                1
   b - Sticks to Snakes               Transmutation                2
   c - Spider Form                    Transmutation/Poison         3
   d - Ice Form                       Ice/Transmutation            4
   e - Blade Hands                    Transmutation                5
Comestibles
 d - 4 rations
 v - 3 chunks of flesh


   Skills:
 - Level 1.1 Fighting
 - Level 2.6 Dodging
 - Level 3.2 Unarmed Combat
 + Level 3.4 Spellcasting
 * Level 6.4 Transmutations


You had 4 spell levels left.
You knew the following spells:

 Your Spells              Type           Power        Failure   Level  Hunger
a - Beastly Appendage     Tmut           ###...       1%          1    #......
b - Sticks to Snakes      Tmut           ###.....     2%          2    ##.....
c - Spider Form           Tmut/Pois      #.........   19%         3    ###....


Dungeon Overview and Level Annotations

Branches:
Dungeon (4/15)
 Temple: D:4-7

Altars:
Ashenzari
Cheibriados
Elyvilon
Gozag
Kikubaaqudgha
Makhleb
Ru
Trog
Vehumet
Wu Jian
Zin

Annotations:
D:4 Dowan; Esekla's ghost, amateur SpSk


Innate Abilities, Weirdness & Mutations

You revert to your normal form in water.
You are very nimble and swift while swimming.
You are very stealthy in the water. (Stealth+)
You have a pair of horns on your head.


Message History

Unknown command.
Dowan shakes with grief.
Your ball python bites Dowan.
Your ball python grabs Dowan.
Your ball python constricts Dowan.
The gnoll hits you from afar with a halberd!
* * * LOW HITPOINT WARNING * * *
Dowan gestures wildly while chanting.
Dowan struggles to blink free from constriction.
Okay, then.
Unknown command.
Unknown command.
Your transformation is almost over.
Your ball python bites Dowan.
Your ball python constricts Dowan.
Dowan hits you but does no damage.
There are no items here.
Dowan casts a spell.
Dowan blinks free!
There is a stone staircase leading down here.
The gnoll hits you from afar with a halberd.
You die...

#.## ##.## #####e.
##.## ##....e..
##.####....# ##..#..#
##....####
##..S)..###...
##...gW.......
########.e@.###......
##.........### .....
#).####...## ....
#### ##### ... .. .


You could see Dowan, Esekla's ghost, a gnoll and a friendly ball python.

Vanquished Creatures
  Duvessa (D:4)
  Ijyb (D:4)
  3 adders
  An ooze (D:3)
  A worm (D:3)
  2 dart slugs
  4 leopard geckos
  An orc (D:4)
  5 giant cockroaches
  7 goblins
  4 hobgoblins
  3 ball pythons
  4 bats
  6 frilled lizards
  4 kobolds
  10 rats
57 creatures vanquished.

Notes
Turn   | Place    | Note
-------+----------+-------------------------------------------
     0 | D:1      | Jynx the Merfolk Transmuter began the quest for the Orb.
     0 | D:1      | Reached XP level 1. HP: 15/15 MP: 3/3
    41 | D:1      | Reached skill level 3 in Transmutations
   133 | D:1      | Reached XP level 2. HP: 17/21 MP: 3/5
   137 | D:1      | Learned a level 2 spell: Sticks to Snakes
   907 | D:2      | Reached skill level 4 in Transmutations
   907 | D:2      | Reached XP level 3. HP: 19/26 MP: 6/6
  2009 | D:3      | Reached XP level 4. HP: 11/32 MP: 1/8
  2452 | D:3      | Reached skill level 5 in Transmutations
  2493 | D:3      | Found a glowing silver altar of Zin.
  2931 | D:4      | Noticed Ijyb
  2949 | D:4      | Killed Ijyb
  3214 | D:4      | Learned a level 3 spell: Spider Form
  3461 | D:4      | Found a bloodstained altar of Trog.
  3461 | D:4      | Found a radiant altar of Vehumet.
  3464 | D:4      | Found an opulent altar of Gozag.
  3465 | D:4      | Found a sacrificial altar of Ru.
  3465 | D:4      | Found an ornate altar of the Wu Jian Council.
  3465 | D:4      | Found a snail-covered altar of Cheibriados.
  3466 | D:4      | Found a burning altar of Makhleb.
  3466 | D:4      | Found a white marble altar of Elyvilon.
  3466 | D:4      | Found a burning altar of Makhleb.
  3466 | D:4      | Found a white marble altar of Elyvilon.
  3466 | D:4      | Found an ancient bone altar of Kikubaaqudgha.
  3466 | D:4      | Found a shattered altar of Ashenzari.
  3570 | D:4      | Reached XP level 5. HP: 34/37 MP: 9/9
  3611 | D:4      | Noticed Duvessa
  3611 | D:4      | Noticed Dowan
  3630 | D:4      | Killed Duvessa
  3630 | D:4      | Reached skill level 6 in Transmutations
  3638 | D:4      | Noticed Esekla's ghost (amateur SpSk)
  3641 | D:4      | HP: 1/37 [gnoll/halberd (12)]
  3644 | D:4      | Slain by a gnoll

Skill      XL: |  1  2  3  4  5 |
---------------+----------------+-----
Transmutations | 3 4 5 6 |  6.4
Spellcasting   | 3 |  3.4
Fighting       | |  1.1
Dodging        | |  2.6
Unarmed Combat | |  3.2

Action                   |  1- 3 |  4- 6 || total
-------------------------+-------+-------++-------
Melee: Unarmed           |   125 |    82 ||   207
       Headbutt          |    19 |    13 ||    32
       Punch             |     3 |       ||     3
 Cast: Beastly Appendage |    26 |    14 ||    40
       Sticks to Snakes  |     2 |     5 ||     7
  Use: Scroll            |     6 |     3 ||     9
 Stab: Sleeping          |       |     1 ||     1
  Eat: Chunk             |     4 |     3 ||     7
       Ration            |       |     1 ||     1
Armor: Robe              |    12 |       ||    12
       Steam dragon scal |    11 |    20 ||    31
Dodge: Dodged            |    69 |    46 ||   115
